Workbook
Name Print_Area: 'PRECIOS ARTIF BAJOS (2)'!$A$1:$C$26

Sheet 0. PRECIOS BAJOS
B1: CENTRO DE DESARROLLO AGROINDUSTRIAL Y EMPRESARIAL REGIONAL CUNDINAMARCA
C3: VERIFICACION DE OFERTAS ARTIFICIALMENTE BAJAS -MÁS DE 5 OFERTAS
C4: MC-RC-CDAE-0019-2026
C5: OBJETO: Contratar servicio de poda y/o tala de árboles, mantenimiento de zonas verdes, mantenimiento de trampas de grasa y lavado y desinfección de tanques de agua potable para el Centro de Desarrollo Agroindustrial y Empresarial Villeta y subsedes asociados
B7: ÍTEM | C7: OFERTA | D7: NIT/CC | E7: VALOR OFERTA | F7: VERIFICACIÓN OFERTA
B8: 1 | C8: FUMI ESPRAY SAS | D8: 900654916 | E8: 4814650 | G8: =MEDIAN(E8:E17) -> 7432740.5
B9: 2 | C9: AMBIENTE VIABLE SAS | D9: 900389684 | E9: 5351055.2 | F9: PRESUPUESTO OFICIAL | G9: 8323333
B10: 3 | C10: GRUPO GESTION EMPRESARIAL COLOMBIA SAS | D10: 901346888 | E10: 5394216
B11: 4 | C11: SERVICIOS Y CONSTRUCCIONES GABRIEL CASTRO S.A.S. | D11: 900718863 | E11: 5710580 | G11: =_xlfn.STDEV.P(E8:E17) -> 1326677.7
B12: 5 | C12: INGENIERÍA Y GESTIÓN PARA EL DESARROLLO SOSTENIBLE SAS | D12: 901355682 | E12: 7074834
B13: 6 | C13: BIOTA CONSULTING GROUP SAS | D13: 900735297 | E13: 7790647
B14: 7 | C14: MOVAL AMBIENTE E INGENIERIA S.A.S. | D14: 900471332 | E14: 8076470
B15: 8 | C15: ECOFLORA S.A.S | D15: 830032102 | E15: 8087158
B16: 9 | C16: AGROVET MEDICAL SAS | D16: 900694527 | E16: 8138300
B17: 10 | C17: AMBICOL SERVICES S A S | D17: 900241832 | E17: 8323302
F18: VALOR MINIMO ACEPTADO | G18: =+G8-G11 -> 6106062.8
B20: Conclusión: De acuerdo con las ofertas económicas presentadas para el proceso MC-RC-CDAE-0019-2026, se evidencia que la oferta presentada por los proponentes FUMI ESPRAY SAS, AMBIENTE VIABLE SAS y SERVICIOS Y CONSTRUCCIONES GABRIEL CASTRO S.A.S.. deben presentar explicación de los valores ofertados, los cuales se encuentran por debajo del valor minimo aceptado por la entidad correspondiente a $6.106.063 teniendo en cuenta que el presupuesto oficial estimado por la entidad es de $8.323.333, de acuerdo con la guía de colombia compra eficiente "Guía para el manejo de ofertas artificialmente bajas en procesos de contratación". Por favor enviar explicación de precios artificialmente bajos, de acuerdo con los siguientes aspectos: -Enviar desagregación de precios teniendo en cuenta la siguiente fórmula de Colombia Compra Eficiente: -Indicar técnicas diferenciadas de producción del bien o provisión del servicio. -Indicar si la entidad cuenta con vehículos propios para la entrega de los productos. -Indicar si la entidad cuenta con mayor diversificación de productos o servicios relacionados. -Indicar si las instalaciones son propias o en arrendamiento. -Indicar estructura de precios unitarios detallada. -Indicar si la entidad cuenta con equipos tecnológicos propios. -Indicar si subcontratan personal o manejan una nómina propia. -Indicar si los productos son comprados directamente al fabricante. NOTA: Anexar los soportes respectivos que respalden cada uno de los ítems anteriormente mencionados.
B22: Evaluó:
B24: Karen Lorena Figueredo Rojas | J24: =+J21 -> 0
B25: Evaluador económico y financiero
B26: Grupo de Apoyo Administrativo
B27: Centro de Desarrollo Agroindustrial y Empresarial
B28: Regional Cundinamarca

Sheet ORDEN DE OFERTAS
A1: Posición | B1: Proponente
A2: 1 | B2: =+'CARDOTAL SOLUCIONES SAS'!D7 -> CARDOTAL SOLUCIONES SAS NIT: 901006319-1 | C2: =+'CARDOTAL SOLUCIONES SAS'!G306 -> 11830850 | D2: CUMPLE

Sheet CARDOTAL SOLUCIONES SAS
C2: LOTE 4 - PROCESO SASI-RC-CDAE-001-2026
C3: OBJETO: Contratar el suministro de Materiales de formación y Elementos de Protección Personal para Aprendices de las diferentes formaciones del Centro de Desarrollo Agroindustrial y empresarial del SENA Regional Cundinamarca
C6: PRESUPUESTO OFICIAL: | D6: 11842834
C7: OFERENTE: | D7: CARDOTAL SOLUCIONES SAS NIT: 901006319-1
B9: ITEM | C9: PRODUCTO | D9: UNIDAD DE MEDIDA | E9: CANT | F9: VALOR UNITARIO DETERMINADO POR LA ENTIDAD EN EL ESTUDIO DE MERCADO | G9: VALOR UNITARIO PRESENTADO POR EL OFERENTE | H9: VALOR TOTAL DE LA OFERTA | I9: DIFERENCIA
B11: 1 | C11: AJO FRESCO X LIBRA | D11: UN | E11: 1 | F11: 12040 | G11: 12000 | H11: =+G11*E11 -> 12000 | I11: =+F11-G11 -> 40
B12: 2 | C12: ACEITE REFINADO DE GIRASOL X 1000 ML | D12: L | E12: 1 | F12: 21823 | G12: 21800 | H12: =+G12*E12 -> 21800 | I12: =+F12-G12 -> 23
B13: =+B12+1 -> 3 | C13: ACEITE REFINADO DE OLIVA X 1000 ML | D13: L | E13: 1 | F13: 18060 | G13: 18000 | H13: =+G13*E13 -> 18000 | I13: =+F13-G13 -> 60
B14: =+B13+1 -> 4 | C14: ACEITUNAS NEGRA (500 GRS) | D14: UN | E14: 1 | F14: 26037 | G14: 26000 | H14: =+G14*E14 -> 26000 | I14: =+F14-G14 -> 37
B15: =+B14+1 -> 5 | C15: ACEITUNAS VERDES (500 GRS) | D15: UN | E15: 1 | F15: 23478 | G15: 23400 | H15: =+G15*E15 -> 23400 | I15: =+F15-G15 -> 78
B16: =+B15+1 -> 6 | C16: ACELGA FRESCA BOLSA X LIBRA | D16: LB | E16: 1 | F16: 7525 | G16: 7500 | H16: =+G16*E16 -> 7500 | I16: =+F16-G16 -> 25
B17: =+B16+1 -> 7 | C17: AGUACATE COMÚN VERDE X KILO | D17: KG | E17: 1 | F17: 22575 | G17: 22500 | H17: =+G17*E17 -> 22500 | I17: =+F17-G17 -> 75
B18: =+B17+1 -> 8 | C18: AHUYAMA BOLSA X KILO | D18: KG | E18: 1 | F18: 8428 | G18: 8400 | H18: =+G18*E18 -> 8400 | I18: =+F18-G18 -> 28
B19: =+B18+1 -> 9 | C19: AJI AMARILLO FCO X 200 GR | D19: UN | E19: 1 | F19: 6020 | G19: 6000 | H19: =+G19*E19 -> 6000 | I19: =+F19-G19 -> 20
B20: =+B19+1 -> 10 | C20: AJINO MOTO (GLUTAMATO MONOSÓDICO (GMS) | D20: LB | E20: 1 | F20: 31605 | G20: 31600 | H20: =+G20*E20 -> 31600 | I20: =+F20-G20 -> 5
B21: =+B20+1 -> 11 | C21: AJONJOLI X LIBRA | D21: LB | E21: 1 | F21: 24682 | G21: 24600 | H21: =+G21*E21 -> 24600 | I21: =+F21-G21 -> 82
B22: =+B21+1 -> 12 | C22: AJONJOLI NEGRO X LIBRA | D22: LB | E22: 1 | F22: 40936 | G22: 40900 | H22: =+G22*E22 -> 40900 | I22: =+F22-G22 -> 36
B23: =+B22+1 -> 13 | C23: ALITAS DE POLLO SIN COSTILLA BLANCA X KILO | D23: KG | E23: 1 | F23: 24080 | G23: 24000 | H23: =+G23*E23 -> 24000 | I23: =+F23-G23 -> 80
B24: =+B23+1 -> 14 | C24: ALCAPARRA FRASCO X 500 GR. | D24: UN | E24: 1 | F24: 25585 | G24: 25500 | H24: =+G24*E24 -> 25500 | I24: =+F24-G24 -> 85
... B305: =+B304+1 -> 295 | C305: RETANQUEO PATRA TANQUE O CILINDRO DE GAS LICUADO | D305: UN | E305: 1 | F305: 436450 | G305: 436400 | H305: =+G305*E305 -> 436400 | I305: =+F305-G305 -> 50
E306: =SUM(E11:E11) -> 1 | F306: =SUM(F11:F305) -> 11842834 | G306: =SUM(G11:G305) -> 11830850
B307: TOTAL DE LA OFERTA INCLUIDO IVA PRESENTADO POR EL OFERENTE | H307: =SUM(H11:H305) -> 11830850 | I307: DIFERENCIA
B308: DIFERENCIA PRESUPUESTO DE LA ENTIDAD VS OFERTA DEL PROPONENTE | H308: =D6-H307 -> 11984 | I308: =+H308-H307 -> -11818866
B310: Conclusión: La oferta económica presentada cumple con los requisitos establecidos.
B312: Elaboró:
B314: Karen Lorena Figueredo Rojas
B315: Evaluador Económico
B316: Grupo de Apoyo Administrativo
B317: Centro de Desarrollo Agroindustrial y Empresarial
B318: Regional Cundinamarca

Sheet PRECIOS ARTIF BAJOS (2)
B2: CENTRO DE DESARROLLO AGROINDUSTRIAL Y EMPRESARIAL REGIONAL CUNDINAMARCA
B4: VERIFICACION DE OFERTAS ARTIFICIALMENTE BAJAS
B5: EVALUACIÓN ECONÓMICA PROCESO SASI-RC-CDAE-001-2026
B6: OBJETO: Contratar el suministro de Materiales de formación y Elementos de Protección Personal para Aprendices de las diferentes formaciones del Centro de Desarrollo Agroindustrial y empresarial del SENA Regional Cundinamarca
B7: PRESUPUESTO OFICIAL | C7: =+'CARDOTAL SOLUCIONES SAS'!D6 -> 11842834
B8: VALOR DE LAS OFERTAS | C8: PROPONENTE
B9: =+'CARDOTAL SOLUCIONES SAS'!G306 -> 11830850 | C9: =+'CARDOTAL SOLUCIONES SAS'!D7 -> CARDOTAL SOLUCIONES SAS NIT: 901006319-1
C13: PRESUPUESTO OFICIAL *80 % /100
B14: =+C7*0.8 -> 9474267.2
B16: Conclusión: De acuerdo con las ofertas económicas presentadas para el proceso MC-RC-CDAE-0003-2026, , se evidencia que la oferta presentada por el proponente DMF MEDICS SAS se encuentra por debajo del 80% del presupuesto oficial estimado por la entidad ($37.192.960), ubicándose por debajo del valor de referencia de $29.754.368. En consecuencia, se requiere al proponente para que presente explicación del precio ofertado, conforme a la Guía de Colombia Compra Eficiente para el manejo de ofertas artificialmente bajas. Por favor enviar explicación de precios artificialmente bajos, de acuerdo con los siguientes aspectos: -Enviar desagregación de precios teniendo en cuenta la siguiente fórmula de Colombia Compra Eficiente: -Indicar técnicas diferenciadas de producción del bien o provisión del servicio. -Indicar si la entidad cuenta con vehículos propios para la entrega de los productos. -Indicar si la entidad cuenta con mayor diversificación de productos o servicios relacionados. -Indicar si las instalaciones son propias o en arrendamiento. -Indicar estructura de precios unitarios detallada. -Indicar si la entidad cuenta con equipos tecnológicos propios. -Indicar si subcontratan personal o manejan una nómina propia. -Indicar si los productos son comprados directamente al fabricante. NOTA: Anexar los soportes respectivos que respalden cada uno de los ítems anteriormente mencionados.
B18: Evaluó:
B21: Adriana Patricia Rubiano Ossa
B22: Evaluador económico y financiero
B23: Grupo de Apoyo Administrativo
B24: Centro de Desarrollo Agroindustrial y Empresarial
B25: Regional Cundinamarca
